 Dungeon Crawl Stone Soup version 0.25.1-2-g60ff931df9 (webtiles) character file.

Game seed: 6000531096170945746

25 Descartes the Sneak (level 2, 0/11 HPs)
             Began as a Felid Enchanter on Aug 12, 2020.
             Slain by an adder (3 damage)
             ... on level 2 of the Dungeon.
             The game lasted 00:03:15 (1226 turns).

Descartes the Sneak (Felid Enchanter)               Turns: 1226, Time: 00:03:16

Health: 0/11       AC:  1    Str:  4    XL:     2   Next: 82%
Magic:  6/6        EV: 19    Int: 16    God:
Gold:   15         SH:  0    Dex: 16    Spells: 4/5 levels left
                                        Lives:  0   Deaths: 0

rFire    . . .     SeeInvis +     - Unarmed
rCold    . . .     Gourm    .   (shield unavailable)
rNeg     . . .     Faith    .   (armour unavailable)
rPois    .         Spirit   .   (helmet unavailable)
rElec    .         Reflect  .   (cloak unavailable)
rCorr    .         Harm     .   (gloves unavailable)
MR       .....                  (boots unavailable)
Stlth    +++.......             (no amulet)
HPRegen  0.03/turn              (no ring)
MPRegen  0.10/turn              (no ring)

@: lethally poisoned (0 -> -8), quick
A: very small, no armour, no weapons or thrown items, stealth, claws 1, fangs 3,
see invisible, carnivore, speed 1, shaggy fur 1, slow metabolism 1, sharp paws
a: no special abilities


You were on level 2 of the Dungeon.
You were completely stuffed.

You visited 1 branch of the dungeon, and saw 2 of its levels.

You collected 15 gold pieces.

Inventory:

Missiles
 a - 14 stones
 e - 14 sling bullets
 f - 28 arrows
 l - 13 poisoned darts
Jewellery
 d - an uncursed ring of ice {unknown}
 j - a +4 ring of protection {unknown}
Scrolls
 c - a scroll of remove curse {unknown}
 i - a scroll of amnesia {unknown}
 k - a scroll of magic mapping {unknown}
Potions
 h - a potion of curing {unknown}
Comestibles
 b - 3 rations
 g - 2 chunks of flesh


   Skills:
 + Level 3.4 Dodging
 + Level 4.6 Stealth
 + Level 1.7 Unarmed Combat
 - Level 2.0 Spellcasting
 + Level 4.4 Hexes


You had 4 spell levels left.
You knew the following spells:

 Your Spells              Type           Power        Failure   Level  Hunger
a - Corona                Hex            ###....      3%          1    #......

Your spell library contained the following spells:

 Spells                   Type           Power        Failure   Level  Hunger
 Confusing Touch          Hex            ###.....     11%         3    ###....
 Tukima's Dance           Hex            ###.....     11%         3    ###....
 Ensorcelled Hibernation  Hex/Ice        #.....       13%         2    ###....
 Dazzling Flash           Conj/Hex       #.....       26%         3    ###....


Dungeon Overview and Level Annotations

Branches:
Dungeon (2/15)

Altars:


Innate Abilities, Weirdness & Mutations

You cannot wear armour.
You are incapable of wielding weapons or throwing items.
Your paws allow you to move quietly. (Stealth)
You have sharp claws.
You have razor-sharp teeth.
You have supernaturally acute eyesight. (SInv)
You are carnivorous and can eat meat at any time.
You cover ground quickly.
You are covered in fur. (AC +1)
You have a slow metabolism.
Your sharp claws are effective at attacking unaware monsters.


Message History

As you open the door, it creaks loudly!
You hear an angry hiss.
You hear a shout!
An adder comes into view.
A rat comes into view.
Found a plate armour.
A gnoll comes into view.
The adder bites you.
You are poisoned.
The adder poisons you!
There is an open door, spattered with blood here.
You miss the adder.
You feel sick.
A gnoll comes into view. It is wielding a +0 halberd.
The adder barely misses you.
You closely miss the adder. The adder closely misses you.
You scratch the adder.
The adder is moderately wounded.
You feel sick. The adder misses you. The adder bites you.
* * * LOW HITPOINT WARNING * * *
There is a stone staircase leading up here.
The adder bites you.
You die...

### #@# #S#
#..r...#
#.......#
#.[.....#
#......g#
#.........
#......#...
.......#...


You could see a gnoll, an adder and a rat.

Vanquished Creatures
  3 dart slugs (D:1)
  A leopard gecko (D:1)
  A giant cockroach (D:1)
  4 hobgoblins (D:1)
  3 bats (D:1)
  A frilled lizard (D:1)
  2 goblins (D:1)
  A kobold (D:1)
  3 rats (D:1)
19 creatures vanquished.

Notes
Turn   | Place    | Note
-------+----------+-------------------------------------------
     0 | D:1      | Descartes the Felid Enchanter began the quest for the Orb.
     0 | D:1      | Reached XP level 1. HP: 7/7 MP: 4/4
   410 | D:1      | Reached XP level 2. HP: 8/11 MP: 6/6
  1226 | D:2      | Slain by an adder

Illustrated notes

Levels and vault maps discovered:
D:1:      lightli_arrival_windingriver, layout_basic, serial_glass,
          glass_columns_a, glass_columns_b, feat_on_display,
          minmay_strange_pillars, minmay_strange_pillars, item_on_display_a
D:2:      layout_basic, first_ration, makhleb_altar_promises_db

Skill      XL: |  1 |
---------------+----+-----
Dodging        | 3 |  3.4
Stealth        | |  4.6
Unarmed Combat | |  1.7
Spellcasting   | |  2.0
Hexes          | |  4.4

Action                   || total
-------------------------++-------
Melee: Unarmed           ||    60
       Bite              ||     4
 Stab: Sleeping          ||    10
  Eat: Chunk             ||     8
Armor: Skin              ||     4
Dodge: Dodged            ||    57
